[Event "*** Titled Tuesday Blitz"]
[Site "Chess.com"]
[Date "2021.03.02"]
[Round "6"]
[White "LubovMarkelova"]
[Black "romulocardoso"]
[Result "1-0"]
[WhiteElo "2207"]
[BlackElo "2105"]
[TimeControl "180+1"]
[EndTime "11:06:17 PST"]
[Termination "LubovMarkelova won by checkmate"]

1. Nf3 Nf6 2. c4 e6 3. Nc3 d5 4. e3 b6 5. d4 Bb7 6. cxd5 exd5 7. Bd3 Nbd7 8. O-O Bb4 9. a3 Bxc3 10. bxc3 O-O 11. Bb2 Ne4 12. Qc2 c5 13. c4 Ndf6 14. Ne5 Re8 15. f3 Nd6 16. Rfe1 dxc4 17. Nxc4 Nxc4 18. Bxc4 Rc8 19. Qb3 Qe7 20. Rad1 Nd7 21. d5 Qd6 22. Qc3 f6 23. e4 Ne5 24. Ba2 b5 25. f4 Nd7 26. e5 fxe5 27. fxe5 b4 28.
Qg3 Qg6 29. d6+ Kh8 30. Qxg6 hxg6 31. e6 Bc6 32. exd7 Bxd7 33. axb4 cxb4 34. Rxe8+ Rxe8 35. Rd4 Re2 36. Rh4# 1-0

[Event "*** Titled Tuesday Blitz"]
[Site "Chess.com"]
[Date "2021.03.02"]
[Round "6"]
[White "paulrusan"]
[Black "Tekushka"]
[Result "1-0"]
[WhiteElo "2335"]
[BlackElo "2433"]
[TimeControl "180+1"]
[EndTime "11:06:18 PST"]
[Termination "paulrusan won by resignation"]

1. e4 e6 2. Nf3 d5 3. e5 c5 4. b4 cxb4 5. a3 bxa3 6. d4 Nc6 7.
c3 f6 8. Bb5 Bd7 9. O-O fxe5 10. Bxc6 Bxc6 11. Nxe5 Nf6 12. Nxc6 bxc6 13. Qa4 Qd7 14.
Bxa3 Bxa3 15. Qxa3 Kf7 16. Nd2 Rhb8 17. Rfb1 Rxb1+ 18. Rxb1 Qc7 19. f3 Rb8 20. Rb3 Rb6 21. Rb4 Qb7 22.
Nb3 Rxb4 23. cxb4 Nd7 24. Nc5 Nxc5 25. dxc5 a6 26. Kf2 e5 27. f4 exf4 28. Kf3 g5 29.
h4 h6 30. hxg5 hxg5 31. Kg4 d4 32. Kxg5 Qd7 33. Kxf4 d3 34. Ke3 d2 35. Qb3+ Kf6 36. Qd1 Ke5 37. Qxd2 Qf7 38. Qd4+ Ke6 39. Qc4+ Ke7 40.
Qxf7+ Kxf7 41. Ke4 1-0

[Event "*** Titled Tuesday Blitz"]
[Site "Chess.com"]
[Date "2021.03.02"]
[Round "6"]
[White "delphin11"]
[Black "suneebaker"]
[Result "1-0"]
[WhiteElo "2556"]
[BlackElo "2156"]
[TimeControl "180+1"]
[EndTime "11:06:18 PST"]
[Termination "delphin11 won on time"]

1. Nf3 Nf6 2. g3 g6 3. b3 Bg7 4. Bb2 d6 5. d4 Nbd7 6. Bg2 O-O 7. O-O e5 8. dxe5 Ng4 9. Qd2 Ngxe5 10. Nxe5 Nxe5 11.
c4 Qe7 12. Nc3 c6 13. Rad1 Rd8 14. Ne4 Be6 15. Nxd6 c5 16. f4 Ng4 17. Bxg7 Kxg7 18. e4 f6 19. h3 Nh6 20. Rf3 Nf7 21. Rd3 Nxd6 22. Rxd6 Re8 23. Qc3 Rad8 24. e5 f5 25. Bxb7 Qxb7 26. Rxd8 Rxd8 27. Rxd8 1-0

[Event "*** Titled Tuesday Blitz"]
[Site "Chess.com"]
[Date "2021.03.02"]
[Round "6"]
[White "LamaChampetre"]
[Black "K_A_S_T_O_R"]
[Result "0-1"]
[WhiteElo "2220"]
[BlackElo "2766"]
[TimeControl "180+1"]
[EndTime "11:06:21 PST"]
[Termination "K_A_S_T_O_R won on time"]

1. d4 Nf6 2. c4 g6 3. Nc3 Bg7 4. e4 d6 5. h3 O-O 6. Nf3 c5 7. d5 e6 8. Bd3 exd5 9. exd5 Re8+ 10. Be3 Bh6 11. O-O Bxe3 12. fxe3 Qe7 13. e4 Nbd7 14. Nb5 Rf8 15. Qd2 a6 16. Nc3 Ne8 17. Rae1 f6 18. Bc2 Ne5 19. Nxe5 dxe5 20. Bd1 Nd6 21. b3 Bd7 22. Bg4 f5 23. exf5 gxf5 24. Bh5 b6 25.
Qe3 e4 26. Ne2 Qe5 27. Rf4 Be8 28. Bxe8 Raxe8 29. Ref1 Rf7 30. Qg3+ Rg7 31. Qe3 Rg6 32. Kh1 Qg7 33. R1f2 Kh8 34. Rh4 Rg8 35. Nf4 Qa1+ 36.
Kh2 Qe5 37. Kh1 R6g7 38. Ne6 Rg6 39. Nf4 Rg3 40. Qe2 e3 41. Qh5 Qg7 42. Re2 Rg5 43.
Qf3 Rg3 44. Qh5 Ne4 0-1

[Event "*** Titled Tuesday Blitz"]
[Site "Chess.com"]
[Date "2021.03.02"]
[Round "6"]
[White "indfraeng"]
[Black "kubal123"]
[Result "1-0"]
[WhiteElo "2401"]
[BlackElo "2218"]
[TimeControl "180+1"]
[EndTime "11:06:21 PST"]
[Termination "indfraeng won by resignation"]

1. d4 Nf6 2. c4 e6 3. g3 Bb4+ 4. Bd2 a5 5. Bg2 O-O 6. Nf3 d6 7. O-O Nbd7 8. Nc3 e5 9. Qc2 Re8 10. e4 exd4 11. Nxd4 Nc5 12. Rfe1 c6 13. Rad1 Bg4 14.
f3 Bc8 15. h3 a4 16. f4 a3 17. b3 Qb6 18. Be3 Bxc3 19. Qxc3 Nfxe4 20. Qc2 Nxg3 21. Bf2 Nge4 22. Bxe4 Nxe4 23. Rxe4 Bxh3 24. Nb5 Qa5 25.
Nxd6 Rxe4 26. Qxe4 Qh5 27. Re1 h6 28. c5 Qg4+ 29.
Kh2 f5 30. Qe6+ Kh7 31. Bg3 Qh5 32. Qf7 Qg4 33. Ne8 Kh8 34. Qf8+ Kh7 35. Nf6+ gxf6 36. Re7+ Kg6 37. Rg7+ Kh5 38. Qf7+ 1-0

[Event "*** Titled Tuesday Blitz"]
[Site "Chess.com"]
[Date "2021.03.02"]
[Round "6"]
[White "UmarovSabir"]
[Black "ljuks68"]
[Result "0-1"]
[WhiteElo "2306"]
[BlackElo "2445"]
[TimeControl "180+1"]
[EndTime "11:06:22 PST"]
[Termination "ljuks68 won on time"]

1. e4 e6 2. e5 d5 3. exd6 Bxd6 4.
d4 Nf6 5. Nf3 O-O 6. Bd3 b6 7.
O-O Bb7 8. Re1 Nbd7 9. Nbd2 c5 10. Nc4 Be7 11. c3 cxd4 12. Nxd4 Nc5 13. Bf1 Qd5 14. Re5 Qd7 15. Rg5 Rad8 16. Ne5 Qc8 17. Qe1 Nd5 18.
Rg3 f6 19. Ng4 e5 20. Nf5 Kh8 21. Nxg7 Kxg7 22. Nxe5+ Kh8 23. Bh6 fxe5 24. Bg7+ Kg8 25. Bxe5+ Kf7 26. Rg7+ Ke8 27. Bb5+ Bc6 28. Bc4 Qe6 0-1

[Event "*** Titled Tuesday Blitz"]
[Site "Chess.com"]
[Date "2021.03.02"]
[Round "6"]
[White "dodorox"]
[Black "Anaiy"]
[Result "0-1"]
[WhiteElo "2146"]
[BlackElo "2229"]
[TimeControl "180+1"]
[EndTime "11:06:22 PST"]
[Termination "Anaiy won on time"]

1. d4 d5 2. c4 e6 3. Nc3 Be7 4. cxd5 exd5 5. Bf4 c6 6. e3 Bf5 7. Qb3 Qb6 8. Nf3 Nf6 9. Be2 Nbd7 10. O-O O-O 11.
Rfc1 Qxb3 12. axb3 a6 13. Na4 Ne4 14. Bg3 Rad8 15.
Bc7 Rc8 16. Ba5 Bg4 17. h3 Bxf3 18. Bxf3 Ndf6 19. Nc5 Nxc5 20. dxc5 Bd8 21. Bxd8 Rfxd8 22. Ra4 Re8 23. Rd4 g6 24. g3 Re7 25. b4 Ne8 26. Re1 Nc7 27. Kf1 Rce8 28. Red1 Nb5 29. R4d2 Kg7 30.
Kg2 Nc7 31. Kf1 h5 32. Kg2 Kf6 33. Rd4 Ne6 34. R4d2 Ng5 35. Rd4 Nxf3 36. Kxf3 Re4 37. R1d2 Kf5 38. Rd1 g5 39. Kg2 Rxd4 40. Rxd4 Re4 41.
Kf3 g4+ 42. hxg4+ hxg4+ 43. Ke2 Rxd4 44. exd4 Ke4 0-1

[Event "*** Titled Tuesday Blitz"]
[Site "Chess.com"]
[Date "2021.03.02"]
[Round "6"]
[White "TorFredrikKaasen"]
[Black "EvgenyT"]
[Result "0-1"]
[WhiteElo "2726"]
[BlackElo "2919"]
[TimeControl "180+1"]
[EndTime "11:06:24 PST"]
[Termination "EvgenyT won by resignation"]

1. e4 e5 2. Nf3 Nc6 3. Bb5 a6 4. Ba4 Nf6 5. O-O Be7 6. Re1 b5 7. Bb3 O-O 8. a4 b4 9. d4 d6 10. dxe5 Nxe5 11. Nxe5 dxe5 12. Qf3 a5 13. Nd2 Bc5 14. h3 Qe7 15. Nf1 Be6 16. Ng3 Bxb3 17. Nf5 Qe6 18. cxb3 g6 19. Nh6+ Kg7 20. Bg5 Bd4 21.
Rac1 c5 22. Qg3 Kh8 23. Ng4 Nxg4 24. hxg4 f6 25. Be3 Qxb3 26. g5 Ra6 27. Qh2 Qxb2 28.
Rxc5 Bxc5 29. Bxc5 Qc3 0-1

[Event "*** Titled Tuesday Blitz"]
[Site "Chess.com"]
[Date "2021.03.02"]
[Round "6"]
[White "Iskusnyh"]
[Black "Herman-NY"]
[Result "1-0"]
[WhiteElo "2609"]
[BlackElo "2466"]
[TimeControl "180+1"]
[EndTime "11:06:26 PST"]
[Termination "Iskusnyh won by resignation"]

1. d4 Nf6 2. c4 g6 3. g3 Bg7 4. Bg2 O-O 5. Nc3 d6 6. Nf3 c5 7. O-O Nc6 8. dxc5 dxc5 9. Be3 b6 10. Qc1 Bd7 11. Rd1 Qc8 12. Bh6 Bh3 13. Bh1 Rd8 14.
Rxd8+ Qxd8 15. Bxg7 Kxg7 16. Qf4 Rc8 17. Rd1 Qc7 18.
Qh4 Bf5 19. Nd5 Nxd5 20. cxd5 Ne5 21. e4 Nxf3+ 22. Bxf3 Bd7 23. Qxe7 Ba4 24. Qxc7 Rxc7 25. Rd2 Kf6 26. Bg2 g5 27. f4 gxf4 28. gxf4 1-0

[Event "*** Titled Tuesday Blitz"]
[Site "Chess.com"]
[Date "2021.03.02"]
[Round "6"]
[White "tk22h"]
[Black "leejunhyeok"]
[Result "1/2-1/2"]
[WhiteElo "2361"]
[BlackElo "2565"]
[TimeControl "180+1"]
[EndTime "11:06:26 PST"]
[Termination "Game drawn by agreement"]

1. c4 e6 2. Nc3 d5 3. d4 Be7 4. Nf3 Nf6 5. Bg5 h6 6. Bxf6 Bxf6 7. e3 O-O 8. Rc1 c6 9. Bd3 Nd7 10. O-O dxc4 11. Bxc4 e5 12. h3 exd4 13. exd4 Nb6 14. Bb3 Bf5 15. Re1 Qd6 16. Ne4 Bxe4 17. Rxe4 Rad8 18.
Qe2 a5 19. a3 Nd5 20. Bxd5 Qxd5 21. Rc5 Qd7 22. Rxa5 Rfe8 23. Ne5 Bxe5 24. Raxe5 Rxe5 25. dxe5 Qd1+ 26. Qxd1 Rxd1+ 27. Kh2 h5 28. Rb4 b5 29. Kg3 Rd5 30. Kf4 g6 31. h4 Kg7 32.
Rb3 Rc5 33. Rc3 Rd5 34. Rxc6 Rd2 35. Ke3 Rxb2 36. Rc7 Rb3+ 37. Kd4 Kg8 38. Ra7 b4 39. axb4 Rxb4+ 40. Ke3 Rxh4 41. g3 Rb4 42. f4 Rb3+ 43. Kf2 Rb4 44. Kf3 1/2-1/2

[Event "*** Titled Tuesday Blitz"]
[Site "Chess.com"]
[Date "2021.03.02"]
[Round "6"]
[White "Chuchofrio1"]
[Black "RamyresCoelho"]
[Result "0-1"]
[WhiteElo "2274"]
[BlackElo "2067"]
[TimeControl "180+1"]
[EndTime "11:06:28 PST"]
[Termination "RamyresCoelho won by checkmate"]

1. e4 c5 2. Nc3 Nc6 3. Bb5 Nd4 4.
Bc4 e6 5. Nge2 Nxe2 6. Qxe2 a6 7.
a4 d6 8. d3 Qc7 9. f4 Nf6 10. O-O Be7 11. f5 O-O 12. Bg5 h6 13. Bh4 Rb8 14. a5 Bd7 15. Qf3 e5 16. Bxf6 Bxf6 17.
Nd5 Qd8 18. Nxf6+ Qxf6 19. g4 Bc6 20. Kf2 Qh4+ 21. Ke2 Qxh2+ 22. Rf2 Qh4 23. Rg1 Qg5 24.
Rh2 Rbd8 25. Rf1 Qf6 26. Rg1 Qg5 27. Rh5 Qf4 28. Qh3 d5 29. g5 dxc4 30. gxh6 cxd3+ 31. cxd3 g6 32. fxg6 fxg6 33. Rxg6+ Kh8 34. Rf5 Rxf5 35.
exf5 e4 36. d4 Rxd4 37. Qc3 Bb5+ 38. Ke1 Qf1# 0-1

[Event "*** Titled Tuesday Blitz"]
[Site "Chess.com"]
[Date "2021.03.02"]
[Round "6"]
[White "Jan1401"]
[Black "Evachess2006"]
[Result "1-0"]
[WhiteElo "2370"]
[BlackElo "1602"]
[TimeControl "180+1"]
[EndTime "11:06:29 PST"]
[Termination "Jan1401 won on time"]

1. e4 e5 2. Bc4 Bc5 3. Nc3 Nf6 4. d3 Nc6 5. f4 exf4 6. Bxf4 d6 7. Nf3 O-O 8. Qd2 Bg4 9. Rf1 Bxf3 10. gxf3 Ne5 11.
Bb3 Nh5 12. Bg5 Qd7 13. d4 Bxd4 14. Qxd4 Qh3 15. Qf2 h6 16. Be3 Kh8 17. O-O-O f5 18. exf5 Qxf5 19. Nd5 Nf6 20. Nxf6 Rxf6 21. Bd4 Qxf3 22.
Qxf3 Rxf3 23. Bxe5 Rxf1 24. Bxg7+ Kxg7 25. Rxf1 Rf8 26. Rxf8 Kxf8 27. Kd2 Ke7 28. Ke3 c6 29. Kf4 Kf6 30. c3 a6 31. Bc2 b5 32. b4 c5 33. Be4 cxb4 34. cxb4 Ke6 35. Bb7 d5 36.
Bxa6 1-0

[Event "*** Titled Tuesday Blitz"]
[Site "Chess.com"]
[Date "2021.03.02"]
[Round "6"]
[White "Sanan_Sjugirov"]
[Black "sara_khm"]
[Result "1-0"]
[WhiteElo "2920"]
[BlackElo "2608"]
[TimeControl "180+1"]
[EndTime "11:06:30 PST"]
[Termination "Sanan_Sjugirov won by resignation"]

1. d4 Nf6 2. Nf3 e6 3. g3 c5 4. Bg2 cxd4 5. Nxd4 Nc6 6. O-O Be7 7. c4 O-O 8. Nc3 a6 9. b3 Qc7 10. Bb2 Nxd4 11. Qxd4 Rd8 12. Rac1 d6 13. Rfd1 Bd7 14. e4 Rac8 15. h3 Qb8 16. Qd3 b5 17. cxb5 axb5 18.
Ne2 Rxc1 19. Rxc1 Be8 20. Nd4 b4 21. Nc6 Bxc6 22. Rxc6 Qa8 23. Qa6 Qxa6 24. Rxa6 d5 25. exd5 Nxd5 26. Ra7 Bc5 27. Rb7 h5 28. Rb5 Be7 29.
Bf3 Nc3 30. Rb7 Bc5 31. Bc1 Nxa2 32. Bf4 Nc3 33. Bxh5 g6 34. Bf3 Nd1 35. Bxd1 Rxd1+ 36. Kg2 Rd2 37. Bxd2 1-0

[Event "*** Titled Tuesday Blitz"]
[Site "Chess.com"]
[Date "2021.03.02"]
[Round "6"]
[White "elextranjero00"]
[Black "verdest"]
[Result "0-1"]
[WhiteElo "2641"]
[BlackElo "2497"]
[TimeControl "180+1"]
[EndTime "11:06:30 PST"]
[Termination "verdest won on time"]

1. e4 c5 2. Nf3 Nc6 3. Bb5 Nf6 4. Nc3 g6 5. O-O Bg7 6. Bxc6 dxc6 7. h3 O-O 8. d3 Nd7 9. Be3 e5 10. Qd2 Qe7 11. Bh6 Rd8 12. Bxg7 Kxg7 13. Nh2 Nf8 14. f4 exf4 15. Qxf4 Ne6 16. Qf2 Nd4 17. b3 Be6 18. Rae1 b5 19. Nf3 a5 20. e5 Bd5 21. Nxd4 cxd4 22.
Ne2 c5 23. Nf4 Be6 24. Qg3 Kh8 25. Nxe6 fxe6 26. Rf6 a4 27. Ref1 axb3 28. Rf7 Rf8 29.
Rxe7 Rxf1+ 30. Kxf1 b2 31. Qh4 b1=Q+ 32. Kf2 Rf8+ 0-1

[Event "*** Titled Tuesday Blitz"]
[Site "Chess.com"]
[Date "2021.03.02"]
[Round "6"]
[White "GOGIEFF"]
[Black "olksuna"]
[Result "0-1"]
[WhiteElo "2878"]
[BlackElo "2688"]
[TimeControl "180+1"]
[EndTime "11:06:32 PST"]
[Termination "olksuna won by resignation"]

1. d4 Nf6 2. c4 e6 3. Nc3 Bb4 4. e3 O-O 5. Bd3 d5 6. Nf3 c5 7. O-O Nc6 8. a3 Bxc3 9. bxc3 dxc4 10. Bxc4 Qc7 11. Bb2 b6 12. Bd3 e5 13. e4 Bg4 14. d5 Na5 15. c4 Rae8 16. h3 Bxf3 17. Qxf3 Nb3 18. Rae1 Nd2 19. Qe2 Nxf1 20. Rxf1 Re7 21.
Bc3 Ne8 22. f4 f6 23. f5 Nd6 24. g4 Kf7 25. a4 Ke8 26. h4 Kd7 27. g5 h6 28.
gxh6 gxh6 29. Kh2 Rg8 30. Bd2 Reg7 31. Bxh6 Rh7 32. Qe3 Nf7 33. Rg1 Nxh6 34. Kh3 Rxg1 35. Qxg1 Qd8 36. Be2 Qg8 37. Qb1 Rg7 38. Qb3 Ng4 39. Kg3 Ne3+ 40. Kf2 Rg2+ 41. Ke1 Qg3+ 42.
Kd2 Nf1+ 0-1

[Event "*** Titled Tuesday Blitz"]
[Site "Chess.com"]
[Date "2021.03.02"]
[Round "6"]
[White "Grandmaster2B"]
[Black "Goryachkina"]
[Result "0-1"]
[WhiteElo "2499"]
[BlackElo "2686"]
[TimeControl "180+1"]
[EndTime "11:06:32 PST"]
[Termination "Goryachkina won by resignation"]

1. e4 c6 2. d4 d5 3. exd5 cxd5 4. Bd3 Nc6 5. c3 Nf6 6. h3 g6 7. Nf3 Bg7 8. O-O O-O 9. Re1 Bf5 10. Bxf5 gxf5 11. Ne5 Ne4 12. Nd3 e6 13. Bf4 Kh8 14. Nd2 Rg8 15. Nf3 Bf6 16. Nfe5 Qe7 17. Qh5 Nxe5 18. Nxe5 Bxe5 19. Bxe5+ f6 20. Bf4 Qg7 21. g3 e5 22. dxe5 fxe5 23. Bh6 Qg6 24. Qxg6 Rxg6 25. Bc1 Re8 26. Re2 f4 27. g4 f3 28. Re3 h5 29.
Rxf3 hxg4 30. hxg4 Rxg4+ 31. Kf1 Rh4 32. Ke2 Rh1 33. Rf7 b6 34. f3 Nc5 35. b3 Rg8 36. Kf2 Rh2+ 37. Kf1 Rh1+ 38. Kf2 Nd3+ 39. Ke3 Nxc1 0-1

[Event "*** Titled Tuesday Blitz"]
[Site "Chess.com"]
[Date "2021.03.02"]
[Round "6"]
[White "manitodeplomo"]
[Black "grunbergmihai"]
[Result "0-1"]
[WhiteElo "2597"]
[BlackElo "2486"]
[TimeControl "180+1"]
[EndTime "11:06:32 PST"]
[Termination "grunbergmihai won by resignation"]

1. d4 f5 2. g3 Nf6 3. Bg2 g6 4. Nf3 Bg7 5. O-O O-O 6. c4 c6 7. b4 Ne4 8. a4 a5 9. b5 d5 10.
e3 dxc4 11. Na3 Be6 12. Qc2 cxb5 13. axb5 Nd7 14. Nd2 Nxd2 15. Bxd2 Qc7 16. Rac1 Nb6 17. Qc3 Rfc8 18. Rfd1 Nd5 19. Qa1 Nb4 20. Bc3 Bd5 21. Be1 Qd7 22. Bf1 Qe6 23. Qb1 b6 24. Bg2 Nd3 25. Bxd5 Qxd5 26. Rc3 Nxe1 27. Rxe1 e5 28. Rec1 exd4 29. Rxc4 Rxc4 30. Nxc4 dxe3 31. Nxb6 exf2+ 32. Kf1 Qh1+ 33. Kxf2 Bd4+ 34. Ke2 Qxh2+ 35. Kd3 Bxb6 36. Qa2+ Qxa2 0-1

[Event "*** Titled Tuesday Blitz"]
[Site "Chess.com"]
[Date "2021.03.02"]
[Round "6"]
[White "GM_Crest"]
[Black "AliKa2810"]
[Result "1-0"]
[WhiteElo "2772"]
[BlackElo "2559"]
[TimeControl "180+1"]
[EndTime "11:06:33 PST"]
[Termination "GM_Crest won on time"]

1. d4 Nf6 2. c4 g6 3. Nc3 Bg7 4. e4 d6 5. Be2 O-O 6. g4 c5 7. g5 Nfd7 8. d5 Re8 9. h4 e6 10. f3 exd5 11. cxd5 Na6 12. Nh3 Ne5 13. Nf2 c4 14. Be3 Qa5 15. Kf1 Nc5 16. Kg2 Bd7 17. h5 Rac8 18. hxg6 hxg6 19. Rh4 b5 20. Qh1 b4 21. Rh7 f5 22. Rxg7+ Kxg7 23. Qh6+ Kf7 24. Qh7+ Kf8 25. Qh8+ Kf7 26. Qf6+ Kg8 27.
Rh1 Nf7 28. Bd4 Re5 29. Qxg6+ Kf8 30. Rh7 Be8 31. Qf6 1-0

[Event "*** Titled Tuesday Blitz"]
[Site "Chess.com"]
[Date "2021.03.02"]
[Round "6"]
[White "AttilaTurzo"]
[Black "aljado"]
[Result "1-0"]
[WhiteElo "2546"]
[BlackElo "2140"]
[TimeControl "180+1"]
[EndTime "11:06:33 PST"]
[Termination "AttilaTurzo won by resignation"]

1. d4 Nf6 2. Nf3 g6 3. Bg5 Bg7 4.
c3 d6 5. Nbd2 c5 6. dxc5 dxc5 7.
e4 Nc6 8. Be2 O-O 9. O-O b6 10. a4 Bb7 11. Qc2 Qc7 12. Rfe1 Rad8 13. h3 Ne5 14. Be3 Nxf3+ 15. Bxf3 e5 16. Be2 Rd6 17.
f3 Rfd8 18. Bc4 Nh5 19. Nf1 Nf4 20. Bxf4 exf4 21. e5 R6d7 22. e6 Re7 23. exf7+ Kf8 24. a5 b5 25. Bxb5 Rxf7 26. Bc4 Re7 27. a6 Bc6 28.
Rad1 Be5 29. Nd2 Qb6 30. b3 Bb5 31. Bxb5 Qxb5 32. Nc4 Rxd1 33. Qxd1 Qe8 34. Nxe5 Rxe5 35. Qd6+ Re7 36. Qxc5 Kf7 37. Rxe7+ Qxe7 38. Qxe7+ Kxe7 39. b4 Kd6 40. b5 Kc5 41. c4 g5 42. Kf2 1-0

[Event "*** Titled Tuesday Blitz"]
[Site "Chess.com"]
[Date "2021.03.02"]
[Round "6"]
[White "Mikhail_Golubev"]
[Black "GMaka"]
[Result "1-0"]
[WhiteElo "2594"]
[BlackElo "2445"]
[TimeControl "180+1"]
[EndTime "11:06:35 PST"]
[Termination "Mikhail_Golubev won by resignation"]

1. e4 c6 2. d4 d5 3. Nc3 dxe4 4. Nxe4 Bf5 5. Ng3 Bg6 6. c3 e6 7. Nh3 Bd6 8. Nf4 Nf6 9. h4 Bxf4 10. Bxf4 h6 11. h5 Bh7 12. Qb3 Qb6 13. Qa3 Nbd7 14. Bd6 a5 15. Be2 a4 16. O-O Ra5 17. Rad1 Rd5 18. Bb4 Qa7 19. c4 Rxd4 20. Qe3 c5 21. Bxc5 Qxc5 22. Qxd4 O-O 23. Qxc5 Nxc5 24. Rd4 Nfe4 25.
Nxe4 Bxe4 26. Rfd1 Bc6 27. Rd8 f6 28. Rxf8+ Kxf8 29. f3 e5 30. Kf2 Ke7 31. Ke3 Ne6 32.
g3 Be8 33. f4 Nc5 34. fxe5 fxe5 35. Rd5 Nd7 36. Bg4 Nf6 37. Rxe5+ Kd6 38. Re6+ Kd7 1-0

[Event "*** Titled Tuesday Blitz"]
[Site "Chess.com"]
[Date "2021.03.02"]
[Round "6"]
[White "Marty435"]
[Black "CraiggoryC"]
[Result "1-0"]
[WhiteElo "2552"]
[BlackElo "2276"]
[TimeControl "180+1"]
[EndTime "11:06:35 PST"]
[Termination "Marty435 won on time"]

1. e4 e6 2. d4 d5 3. Nc3 Bb4 4. e5 c5 5. a3 Bxc3+ 6. bxc3 Ne7 7. Qg4 Qc7 8. Qxg7 Rg8 9. Qxh7 cxd4 10. Qd3 dxc3 11.
Ne2 Nbc6 12. Qxc3 Qxe5 13. Qxe5 Nxe5 14. h4 Bd7 15. Bb2 Nc4 16. Bf6 Rg6 17. Bg5 e5 18. f4 f6 19. h5 Rg8 20. Bxf6 Ne3 21. Kd2 Nc4+ 22. Kc1 Kf7 23. fxe5 Rac8 24. Nd4 Ne3 25.
h6 N7f5 26. h7 Nxd4 27. hxg8=Q+ Kxg8 28. Rh8+ Kf7 29. Rxc8 Bxc8 30. Bd3 Nxg2 31. Kd2 Nf4 32. Rf1 Nde6 33. Bf5 Ke8 34. Rxf4 Nxf4 35. Bxc8 b6 36. e6 1-0

[Event "*** Titled Tuesday Blitz"]
[Site "Chess.com"]
[Date "2021.03.02"]
[Round "6"]
[White "Buryshin_Vasyl"]
[Black "Klavdia_Nik"]
[Result "0-1"]
[WhiteElo "2180"]
[BlackElo "2065"]
[TimeControl "180+1"]
[EndTime "11:06:35 PST"]
[Termination "Klavdia_Nik won by checkmate"]

1. b3 e5 2. Bb2 Nc6 3. e3 Nf6 4. Bb5 d6 5. d4 exd4 6. Qxd4 Bd7 7.
Bxc6 Bxc6 8. Nf3 Be7 9. Nbd2 Qd7 10. O-O O-O 11. Rad1 b6 12. h3 Bb7 13. g4 c5 14.
Qc3 Ne8 15. Kh2 Bf6 16. Qd3 Bxb2 17. Ng5 g6 18. c3 Qe7 19. f4 h6 20. Ndf3 hxg5 21.
Nxg5 Nf6 22. f5 Ne4 23. fxg6 Qe5+ 24. Kg2 Nxg5+ 25. Kg1 Nxh3# 0-1

[Event "*** Titled Tuesday Blitz"]
[Site "Chess.com"]
[Date "2021.03.02"]
[Round "6"]
[White "skoularikii"]
[Black "Faqade"]
[Result "1-0"]
[WhiteElo "2537"]
[BlackElo "2686"]
[TimeControl "180+1"]
[EndTime "11:06:37 PST"]
[Termination "skoularikii won by resignation"]

1. e4 c5 2. Nf3 Nc6 3. Nc3 Nf6 4. Bb5 Qc7 5. O-O Nd4 6. Re1 Nxb5 7. Nxb5 Qb6 8. Nc3 d6 9. e5 dxe5 10. Nxe5 g6 11. d3 Bg7 12. h3 O-O 13. Rb1 Be6 14. Bf4 Rfd8 15. Qe2 Qa6 16. b3 Nd5 17. Nxd5 Rxd5 18.
c4 Rdd8 19. Nf3 Bc3 20. Red1 Bf6 21. g4 Rd7 22. Ne5 Rd4 23. Bg3 Rad8 24. Qf3 Qxa2 25.
Qxb7 Bxe5 26. Bxe5 Rxd3 27. Qxe7 Qe2 28. Qxd8+ 1-0

[Event "*** Titled Tuesday Blitz"]
[Site "Chess.com"]
[Date "2021.03.02"]
[Round "6"]
[White "Galiev_Azat"]
[Black "felipelobo"]
[Result "1-0"]
[WhiteElo "2391"]
[BlackElo "2159"]
[TimeControl "180+1"]
[EndTime "11:06:37 PST"]
[Termination "Galiev_Azat won on time"]

1. d4 Nf6 2. Bf4 c5 3. e3 d5 4.
c3 Qb6 5. Qb3 c4 6. Qc2 g6 7. Nd2 Bf5 8. Qc1 Bg7 9. Ngf3 Nc6 10. Be2 O-O 11. O-O h6 12. b3 cxb3 13. axb3 Rfc8 14.
Qb2 Nh5 15. Bg3 Nxg3 16. hxg3 e5 17. Rfc1 a5 18. Ra4 exd4 19. exd4 Re8 20. Nf1 Nb4 21. cxb4 Rac8 22. bxa5 Rxc1 23. axb6 Rc2 24. Qa1 Rexe2 25.
Ne3 Rb2 26. Nxf5 gxf5 27. Ra8+ Kh7 28. Nh4 Rxf2 29. Qd1 Rbd2 30. Qh5 Rxg2+ 31. Nxg2 Bxd4+ 32. Kh2 Rxg2+ 33. Kxg2 1-0

[Event "*** Titled Tuesday Blitz"]
[Site "Chess.com"]
[Date "2021.03.02"]
[Round "6"]
[White "Chesspirate_Channel"]
[Black "Ajedrez_con_German"]
[Result "0-1"]
[WhiteElo "2355"]
[BlackElo "2566"]
[TimeControl "180+1"]
[EndTime "11:06:38 PST"]
[Termination "Ajedrez_con_German won on time"]

1. d4 e6 2. Nc3 d5 3. a3 Nf6 4. Bg5 Nbd7 5. e4 dxe4 6. Nxe4 Be7 7. Nxf6+ Bxf6 8. Be3 c5 9. Nf3 O-O 10. Be2 b6 11.
Qd2 Bb7 12. O-O-O Rc8 13. Kb1 a6 14. h4 cxd4 15. Nxd4 Ne5 16. Rhg1 Nc4 17. Bxc4 Rxc4 18. f3 Qc7 19. Nb3 Bd5 20. Bg5 Be5 21. Rge1 Rc8 22. Rc1 h6 23. f4 Bxb2 24. Kxb2 hxg5 25. hxg5 Qxf4 26. g6 Qf6+ 27. Kb1 Qxg6 0-1

[Event "*** Titled Tuesday Blitz"]
[Site "Chess.com"]
[Date "2021.03.02"]
[Round "6"]
[White "Orest_Vovk"]
[Black "mikolka1985"]
[Result "0-1"]
[WhiteElo "2501"]
[BlackElo "2644"]
[TimeControl "180+1"]
[EndTime "11:06:39 PST"]
[Termination "mikolka1985 won by checkmate"]

1. d4 Nf6 2. Nf3 b6 3. Bg5 g6 4.
Nbd2 Bg7 5. e4 Bb7 6. Bd3 O-O 7. Qe2 c5 8. c3 d6 9. O-O h6 10. Bh4 Nh5 11. a4 cxd4 12. cxd4 Nc6 13. d5 Nb4 14. Bc4 a6 15. Rab1 Qd7 16. Bg3 Rfc8 17. b3 Nxg3 18. hxg3 Rc5 19. Qe3 b5 20. axb5 axb5 21. Be2 Rc3 22.
Qf4 g5 23. Qf5 Qxf5 24. exf5 Ra2 25. Bxb5 g4 26. Ne4 gxf3 27. Nxc3 Bxc3 28. gxf3 Bxd5 29.
f4 Bd4 30. Rbd1 Bc5 31. Bc4 Bf3 32. Rde1 Kf8 33. Rc1 Bg4 34. f6 exf6 35. Kg2 Bf5 36. Rcd1 d5 37. Bb5 Be4+ 38. Kh3 Bxf2 39. Ra1 Rb2 40. Ra8+ Kg7 41. Rb8 h5 42. Rc1 Bf5+ 43. Kh4 Ba7 44. Be8 Rh2# 0-1

[Event "*** Titled Tuesday Blitz"]
[Site "Chess.com"]
[Date "2021.03.02"]
[Round "6"]
[White "CrushingKings"]
[Black "politeplayer"]
[Result "1-0"]
[WhiteElo "2391"]
[BlackElo "2226"]
[TimeControl "180+1"]
[EndTime "11:06:39 PST"]
[Termination "CrushingKings won by checkmate"]

1. e4 e6 2. Nf3 c5 3. g3 d5 4. exd5 exd5 5. d4 Nc6 6. Bg2 Bg4 7. O-O Nxd4 8. Re1+ Ne6 9. Nc3 Nf6 10. Bg5 d4 11. Ne4 Be7 12. Bxf6 gxf6 13. Qd3 Qd7 14. h3 Bh5 15. Nh4 Bg6 16. Qf3 f5 17. Nxf5 h5 18. Ng7+ Kf8 19. Nxe6+ Qxe6 20. Nxc5 Qc8 21. Ne6+ Kg8 22.
Nf4 Bb4 23. Nxg6 fxg6 24. Qd5+ Kg7 25. Qxd4+ Kh7 26. Qxb4 Rf8 27. Re7+ Kh6 28. Qd2+ g5 29. Qd6+ Rf6 30. Qxf6# 1-0

[Event "*** Titled Tuesday Blitz"]
[Site "Chess.com"]
[Date "2021.03.02"]
[Round "6"]
[White "platy3"]
[Black "DamianoLew95"]
[Result "1-0"]
[WhiteElo "2827"]
[BlackElo "2592"]
[TimeControl "180+1"]
[EndTime "11:06:40 PST"]
[Termination "platy3 won by resignation"]

1. e4 c5 2. Nf3 d6 3. d4 cxd4 4.
Nxd4 Nf6 5. Nc3 Nc6 6. Bg5 e6 7. Qd2 a6 8. O-O-O Bd7 9. f4 b5 10. Bxf6 gxf6 11. Kb1 Qb6 12. Nxc6 Bxc6 13. f5 b4 14. Ne2 e5 15. Ng3 h5 16. Bc4 h4 17.
Nf1 Qc5 18. Qd3 Bh6 19. Nd2 Bxd2 20. Rxd2 Ke7 21. Rhd1 Ra7 22. Qe2 a5 23. Rxd6 Qxd6 24. Rxd6 Kxd6 25. Qe3 Rb7 26. a4 Rd8 27. Qh6 Ke7 28.
Qh7 Rf8 29. Qxh4 Bxa4 30. g4 Bb5 31. Bd5 Rc7 32. g5 a4 33. Qh6 1-0